 Dungeon Crawl Stone Soup version 0.31-a0-232-gb1c03b2570 (webtiles) character file.

Game seed: 5478458007744083726

21 qw the Shooter (level 2, 0/25 HPs)
             Began as a Minotaur Hexslinger on July 7, 2023.
             Slain by an adder (2 damage)
             ... on level 1 of the Dungeon.
             The game lasted 00:00:09 (866 turns).

qw the Shooter (Minotaur Hexslinger)                 Turns: 866, Time: 00:00:10

Health: 0/25       AC:  3    Str: 12    XL:     2   Next: 62%
Magic:  2/2        EV: 12    Int: 10    God:
Gold:   18         SH:  0    Dex: 12    Spells: 2/3 levels left

rFire   . . .        Y - +1 sling
rCold   . . .        (no shield)
rNeg    . . .        c - +0 robe
rPois   .            (helmet restricted)
rElec   .            (no cloak)
rCorr   .            f - +0 pair of gloves
SInv    .            (no boots)
Will    .....        (no amulet)
Stlth   +            (no ring)
HPRegen 0.24/turn    (no ring)
MPRegen 0.08/turn

%: no passive effects
@: lethally poisoned (0 -> -1)
A: horns 2, retaliatory headbutt
a: no special abilities


You were on level 1 of the Dungeon.
You visited 1 branch of the dungeon, and saw 2 of its levels.

You collected 18 gold pieces.


Innate Abilities, Weirdness & Mutations

You have a pair of horns on your head.
You reflexively headbutt those who attack you in melee.


   Skills:
 - Level 2.4 Fighting
 + Level 3.0 Ranged Weapons
 - Level 2.1 Dodging
 - Level 1.0 Spellcasting
 - Level 2.0 Hexes


You had 2 spell levels left.
You knew the following spells:

 Your Spells              Type           Power      Damage    Failure   Level
a - Slow                  Hex            16%        N/A       16%         1

Your spell library contained the following spells:

 Spells                   Type           Power      Damage    Failure   Level
 Inner Flame              Hex/Fire       2%         N/A       56%         3
 Portal Projectile        Hex/Tloc       4%         N/A       56%         3
 Cause Fear               Hex            2%         N/A       83%         4

Inventory:

Hand Weapons
 Y - a +1 sling (weapon)
Armour
 c - a +0 robe (worn)
 f - a +0 pair of gloves (worn)
Potions
 d - a potion of might {unknown}

Dungeon Overview and Level Annotations

Branches:
Dungeon (2/15)

Altars:


Message History

858 ||| STAIRDANCE The adder bites you but does no damage.
The adder barely misses you. The rat misses you.
You climb upwards.
There is a stone staircase leading down here.
Enter note:
Enter note:
Enter note: You shoot a sling bullet.
The sling bullet misses the adder.
The adder bites you but does no damage. x2; The adder barely misses you.
The rat bites you. The adder misses you.
You shoot a sling bullet. The sling bullet hits the adder.
The adder is heavily wounded.
The adder bites you but does no damage. The adder bites you.
The rat bites you but does no damage. The adder bites you. x2
You shoot a sling bullet.
The sling bullet barely misses the adder.
The rat barely misses you. The adder closely misses you.
The adder bites you but does no damage.
You shoot a sling bullet.
The sling bullet closely misses the adder.
The adder barely misses you. The adder closely misses you.
The rat barely misses you. The adder barely misses you.
You furiously retaliate!
You headbutt the adder. The adder bites you. The rat bites you.
You shoot a sling bullet.
The sling bullet closely misses the adder.
The adder bites you. x2; The rat bites you.
The adder closely misses you. The adder bites you.
You are poisoned.
The adder poisons you!
You shoot a sling bullet. The sling bullet hits the adder.
The adder is almost dead.
You feel sick. The adder bites you. The rat bites you.
The adder barely misses you. You furiously retaliate!
You headbutt the adder.
You kill the adder!
Your Fighting skill increases to level 2!
You shoot a sling bullet. The sling bullet hits the adder.
The adder is lightly wounded.
You feel sick. The adder bites you.
You die...

###...## #.# #
7777777~..#..### #.# #
~~~7~~~~~###...## #.# #
~~~~~~~~7# ###..# #.# #
~~~~~~~77 ##.#######.# #
~~<~~~~~7 #.........# #
~~~?~~~77 ##..####### #
~~~~~~~77#######..### #
7~7~7~7~~.......@S..# #
7777777~..#####.r...# #
##..#...'.....# #
##.#.###.....# ###
#.#.#.#.#...#
..#######.#...#.#...#
#.#.....).###.#.#####
#.#.#########.#.# #.#.#
#...##.#.#################


You could see an adder and a rat.

Vanquished Creatures
  An adder (D:1)
  An endoplasm (D:1)
  3 goblins (D:1)
  A quokka (D:1)
  2 ball pythons (D:1)
  A frilled lizard (D:1)
  3 kobolds (D:1)
  2 rats (D:1)
14 creatures vanquished.

Notes
Turn   | Place    | Note
-------+----------+-------------------------------------------
     0 | D:1      | qw the Minotaur Hexslinger began the quest for the Orb.
     0 | D:1      | Reached XP level 1. HP: 16/16 MP: 1/1
     0 | D:1      | 0 ||| qw: Version: 0.3-a-46-gb1f654a
     0 | D:1      | 0 ||| qw: Game counter: 2661
     0 | D:1      | 0 ||| qw: Melee chars always use a shield: true
     0 | D:1      | 0 ||| qw: God list: Okawaru
     0 | D:1      | 0 ||| qw: Allow faded altars: false
     0 | D:1      | 0 ||| qw: Do Orc after clearing Dungeon:15 true
     0 | D:1      | 0 ||| qw: Do second Lair branch before Depths: true
     0 | D:1      | 0 ||| qw: Lair rune preference: random
     0 | D:1      | 0 ||| qw: Goals: Normal
     0 | D:1      | 0 ||| PLANNING D:1-11
   279 | D:1      | Reached skill level 3 in Ranged Weapons
   302 | D:1      | Reached XP level 2. HP: 23/23 MP: 2/2
   827 | D:1      | 827 ||| UPGRADING to +0 pair of gloves.
   832 | D:1      | 832 ||| READING scroll labelled ANUOT GAL.
   833 | D:1      | 833 ||| DROPPING scroll of poison.
   858 | D:2      | 858 ||| STAIRDANCE
   865 | D:1      | HP: 5/24 [poisoned by an adder]
   865 | D:1      | HP: 2/24 [rat (1)]
   866 | D:1      | Slain by an adder

Levels and vault maps discovered:
D:1:      reono_arrival_forest_river, layout_basic
D:2:      layout_loops_ring, basic_ecumenical_altar, minmay_pentomino_x4

Skill      XL: |  1  2 |
---------------+-------+-----
Ranged Weapons | 3 |  3.0
Fighting       | 2 |  2.4
Dodging        | |  2.1
Spellcasting   | |  1.0
Hexes          | |  2.0

Action                     || total
---------------------------++-------
   Fire: Sling             ||    40
    Use: Scroll            ||     1
 Armour: Robe              ||    16
  Dodge: Dodged            ||    29

Table legend:
 A = Non-vault XP
 B = Vault XP
 C = Vault XP percentage of total XP
 D = Non-vault monster count
 E = Vault monster count
 F = Vault count percentage of total count
                 A         B        C        D         E       F
            +---------+---------+-------+---------+---------+-------
      Total |      30 |       0 |   0.0 |      14 |       0 |   0.0
            +---------+---------+-------+---------+---------+-------
        D:1 |      30 |       0 |   0.0 |      14 |       0 |   0.0
            +---------+---------+-------+---------+---------+-------
